General information
			
			
        
        - name: BNet
 
        - type: Ladder 1vs1/FFA
 
        - host: Battle.net
 
        - saver: VELOX_NEB
 
        
map: EchoIsles 
        - players: 2
 
        - length: 21:35
 
        - speed: Fast
 - version: 1.22 W3XP
 - replay type:  Public
 
» download(70 KB)
Players
        team 1 (loser) 
              
              
» 
Higgins777 (
blue | 74 APM | 1583 actions | 21:32)
              
 6 Blademaster 
 3 Wind Walk
 2 Critical Strike
 1 Bladestorm
 
                » actions 
                
                | Assign group hotkey | 39 |  | 
| Build / train | 84 |  | 
| ESC pressed | 1 |  | 
| Enter build submenu | 12 |  | 
| Enter hero's abilities submenu | 6 |  | 
| Remove unit from queue | 2 |  | 
| Right click | 758 |  | 
| Select / deselect | 322 |  | 
| Select group hotkey | 283 |  | 
| Use ability | 76 |  | 
                1583 total
 » units 
                
                | Peon | 8 |  | 
| Grunt | 18 |  | 
| Wind Rider | 12 |  | 
| Troll Batrider | 1 |  | 
| Raider | 11 |  | 
                50 total
 » upgrades
                
                | Berserker Strength | 1 |  | 
| Ensnare | 1 |  | 
| Armor | 1 |  | 
                3 total
 » buildings
                
                | Altar of Storms | 1 |  | 
| Orc Burrow | 5 |  | 
| Barracks | 1 |  | 
| Voodoo Lounge | 1 |  | 
| Stronghold | 1 |  | 
| Beastiary | 2 |  | 
| War Mill | 1 |  | 
                12 total
 » build order
                00:07 Altar of Storms
00:20 Orc Burrow
00:34 Barracks
01:30 Orc Burrow
02:10 Voodoo Lounge
03:46 Stronghold
04:19 Orc Burrow
07:01 Beastiary
07:03 Beastiary
08:17 Orc Burrow
12:31 Orc Burrow
13:23 War Mill
» items
                
                | Healing Salve | 6 |  | 
| Potion of Healing | 4 |  | 
| Lesser Clarity Potion | 5 |  | 
| Scroll of Speed | 1 |  | 
| Potion of Mana | 1 |  | 
                17 total
  
               team 2 (winner) 
              
              
VELOX_NEB (
orange | 86 APM | 1848 actions | 21:35)
              
 5 Demon Hunter 
 3 Immolation
 2 Evasion
 4 Keeper of the Grove 
 2 Entangling Roots
 2 Thorns Aura
 
                » actions 
                
                | Assign group hotkey | 45 |  | 
| Basic commands | 149 |  | 
| Build / train | 85 |  | 
| ESC pressed | 5 |  | 
| Enter build submenu | 16 |  | 
| Enter hero's abilities submenu | 9 |  | 
| Give item / drop item | 3 |  | 
| Right click | 829 |  | 
| Select / deselect | 494 |  | 
| Select group hotkey | 120 |  | 
| Use ability | 93 |  | 
                1848 total
 » units 
                
                | Wisp | 19 |  | 
| Archer | 2 |  | 
| Huntress | 11 |  | 
| Dryad | 12 |  | 
| Druid of the Talon | 11 |  | 
| Hippogryph | 3 |  | 
                58 total
 » upgrades
                
                | Druid of the Talon Training | 1 |  | 
| Abolish Magic | 1 |  | 
                2 total
 » buildings
                
                | Altar of Elders | 1 |  | 
| Moon Well | 4 |  | 
| Ancient of War | 1 |  | 
| Hunter's Hall | 1 |  | 
| Tree of Ages | 1 |  | 
| Ancient of Wonders | 2 |  | 
| Ancient of Lore | 3 |  | 
| Ancient of Wind | 3 |  | 
                16 total
 » build order
                00:12 Altar of Elders
00:20 Moon Well
00:36 Ancient of War
01:34 Moon Well
02:04 Moon Well
02:42 Hunter's Hall
03:33 Tree of Ages
04:23 Ancient of Wonders
07:19 Ancient of Lore
07:25 Ancient of Wind
07:41 Ancient of Lore
07:43 Ancient of Wind
08:01 Ancient of Lore
08:21 Ancient of Wind
10:12 Moon Well
14:33 Ancient of Wonders
» items
                
                | Boots of Speed | 2 |  | 
| Staff of Teleportation | 1 |  | 
| Potion of Healing | 4 |  | 
| Potion of Mana | 1 |  | 
| Staff of Preservation | 1 |  | 
| Lesser Clarity Potion | 1 |  | 
| Dust of Appearance | 1 |  | 
| Scroll of Healing | 1 |  | 
| Potion of Lesser Invulnerability | 1 |  | 
                13 total
  
                Chat log
          
(21:24 / All) Higgins777: ah gg
(21:26 / All) VELOX_NEB: gg